 Dungeon Crawl Stone Soup version 0.19-a0-1704-gbd66c22 (webtiles) character file.

1630 Goblin1989 the Martial Artist (level 8, -2/57 HPs)
             Began as a Demonspawn Assassin on Sept 27, 2016.
             Was an Initiate of Gozag.
             Slain by an orc warrior
             ... wielding a +1 halberd of freezing
              (7 damage)
             ... on level 6 of the Dungeon.
             The game lasted 00:27:42 (6360 turns).

Goblin1989 the Martial Artist (Demonspawn Assassin) Turns: 6360, Time: 00:27:43

Health: -2/57      AC: 11    Str: 14    XL:     8   Next: 65%
Magic:  0/8        EV:  9    Int:  9    God:    Gozag
Gold:   401        SH:  6    Dex: 15    Spells: 0 memorised, 7 levels left

rFire  + . .     SeeInvis .     I - +5 mace "Buraeqem" {freeze, rC+ rN+}
rCold  + . .     Gourm    .     u - +0 scale mail
rNeg   + . .     Faith    .     N - +2 buckler
rPois  .         Spirit   +     D - +0 helmet
rElec  .         Dismiss  .     d - +0 cloak
rCorr  .         Reflect  .     y - +0 pair of gloves
MR     .....     Harm     .     (no boots)
Stlth  +.........               (no amulet)
                                f - ring of protection from fire
                                F - -3 ring of intelligence (curse)

@: no status effects
A: claws 1, hooves 1, magic shield, magic regeneration
a: Potion Petition, Call Merchant, Bribe Branch, Renounce Religion


You were on level 6 of the Dungeon.
You worshipped Gozag.
Gozag was aware of your devotion.
You were not hungry.

You visited 2 branches of the dungeon, and saw 8 of its levels.

You collected 590 gold pieces.
You spent 133 gold pieces at shops.
You paid 56 gold pieces to Gozag.

Inventory:

Hand Weapons
 a - a +4 dagger of speed
 q - a +0 blowgun {@w1}
 I - the +5 mace "Buraeqem" (weapon) {freeze, rC+ rN+}
   (You found it on level 6 of the Dungeon)

   It has been specially enchanted to freeze those struck by it, causing extra
   injury to most foes and up to half again as much damage against particularly
   susceptible opponents.
   It can also slow down cold-blooded creatures.
   It protects you from cold.
   It protects you from negative energy.
Missiles
 e - 12 poisoned needles
 i - 10 javelins (quivered)
Armour
 d - a +0 cloak (worn)
 u - a +0 scale mail (worn)
 y - a +0 pair of gloves (worn)
 D - a +0 helmet (worn)
 K - a +0 shield
 N - a +2 buckler (worn)
Jewellery
 f - a ring of protection from fire (right hand)
 B - a +2 ring of strength
 F - a cursed -3 ring of intelligence (left hand)
Scrolls
 b - a scroll of amnesia {unknown}
 c - a scroll of recharging {unknown}
 j - 10 scrolls of identify {unknown}
 m - 3 scrolls of magic mapping
 o - 2 scrolls of fog {unknown}
 r - 3 scrolls of fear
 A - 4 scrolls of enchant armour {unknown}
 H - 4 scrolls of immolation {unknown}
 L - 2 scrolls of enchant weapon {unknown}
 M - 2 scrolls of blinking {unknown}
 O - a scroll of remove curse {unknown}
 T - 2 scrolls of teleportation {@r4}
Potions
 k - a potion of berserk rage {unknown}
 l - 3 potions of heal wounds {unknown}
 n - a potion of brilliance {unknown}
 p - 2 potions of agility {unknown}
 s - 3 potions of curing {unknown}
 t - 2 potions of lignification {unknown}
 v - a potion of resistance {unknown}
 w - 2 potions of flight {unknown}
 x - a potion of might {unknown}
 C - a potion of cancellation
 E - a potion of haste {unknown}
 G - a potion of degeneration {unknown}
Comestibles
 g - 4 bread rations
 h - 3 fruits
 z - 2 meat rations
 J - a beef jerky


   Skills:
 + Level 2.6 Fighting
 - Level 2.4 Short Blades
 - Level 1.7 Throwing
 + Level 2.7 Armour
 - Level 0.8 Dodging
 - Level 3.7 Stealth
 + Level 1.4 Shields
 * Level 9.0 Unarmed Combat


You had 7 spell levels left.
You didn't know any spells.

Dungeon Overview and Level Annotations

Branches:
Dungeon (7/15)             Temple (1/1) D:4

Altars:
Ashenzari
Cheibriados
Gozag
Makhleb
Okawaru
Vehumet
Xom

Shops:
D:4 ?%*?

Annotations:
D:4 Menkaure
D:5 slayr's ghost, novice OpTm


Innate Abilities, Weirdness & Mutations

You have sharp fingernails.
You have large cloven feet.
When hurt, damage is shared between your health and your magic reserves.
You regenerate magic rapidly.


Message History

The orc wizard casts a spell.
The orc wizard seems to speed up.
The orc warrior hits you but does no damage.
You hit the orc warrior but do no damage.
The orc warrior is heavily wounded.
The orc wizard hits you but does no damage.
The orc wizard gestures wildly while chanting.
The orc wizard blinks!
The orc warrior closely misses you.
The orc priest mumbles some strange prayers to Beogh against you.
Beogh smites you!
You completely miss the orc warrior. Your kick misses the orc warrior.
The orc warrior is heavily wounded.
The orc warrior hits you with a halberd of freezing!
* * * LOW HITPOINT WARNING * * *
You are too injured to fight recklessly!
You are too injured to fight recklessly!
You are too injured to fight recklessly!
The orc warrior hits you from afar with a halberd of freezing!
You die...
Your body crumbles into a pile of gold.

ਜਜਜ
.....ਜਜਜਜਜਜਜਜ
ਜ.o.ooo.@$..ਜ
.....ਜਜਜਜਜਜ.ਜ
ਜ.ਜ ਜ.ਜ ਜ.ਜ
ਜ.ਜ ਜ.ਜ
ਜਜਜਜ.ਜ ਜ....ਜ
ਜ.ਜਜਜਜ


You could see an orc warrior, an orc priest, an orc wizard and an orc.

Vanquished Creatures
  Prince Ribbit (D:7)
  An ice beast (D:6)
  A phantom (D:7)
  3 ogres
  3 bullfrogs (D:7)
  5 crimson imps
  A bullfrog zombie (D:6)
  2 jellies
  A hound (D:4)
  4 orc wizards (D:4)
  2 orc priests (D:4)
  Crazy Yiuf (D:3)
  Terence (D:2)
  4 worker ants
  A hound skeleton (D:5)
  8 adders
  A shadow imp (D:6)
  An ooze (D:4)
  3 worms
  3 dart slugs
  3 leopard geckos
  12 orcs
  A ball python (D:2)
  6 bats
  3 giant cockroaches
  9 goblins
  5 hobgoblins
  10 jackals
  10 kobolds
  4 quokkas
  A ball python skeleton (D:4)
  7 frilled lizards
  5 rats
123 creatures vanquished.

Notes
Turn   | Place    | Note
-------+----------+-------------------------------------------
     0 | D:1      | Goblin1989 the Demonspawn Assassin began the quest for the Orb.
     0 | D:1      | Reached XP level 1. HP: 16/16 MP: 1/1
   224 | D:1      | Gained mutation: You have large cloven feet. [demonic ancestry]
   224 | D:1      | Reached XP level 2. HP: 12/22 MP: 2/2
   501 | D:1      | Reached skill level 1 in Unarmed Combat
   896 | D:2      | Gained mutation: When hurt, damage is shared between your health and your magic reserves. [demonic ancestry]
   896 | D:2      | Reached XP level 3. HP: 26/27 MP: 3/3
   907 | D:2      | Noticed Terence
   923 | D:2      | Killed Terence
   923 | D:2      | Reached skill level 2 in Unarmed Combat
  1068 | D:2      | Reached XP level 4. HP: 29/33 MP: 4/4
  1618 | D:2      | Reached skill level 1 in Armour
  1984 | D:3      | Reached skill level 3 in Unarmed Combat
  2071 | D:3      | Found a shimmering altar of Xom.
  2089 | D:3      | Reached XP level 5. HP: 37/38 MP: 5/5
  2210 | D:3      | Found a runed door.
  2282 | D:3      | Reached skill level 4 in Unarmed Combat
  2376 | D:3      | Noticed an ogre
  2392 | D:3      | Killed an ogre
  2392 | D:3      | Reached XP level 6. HP: 28/44 MP: 6/6
  2845 | D:4      | Reached skill level 5 in Unarmed Combat
  2888 | D:4      | Found Leuzuwoi's General Store.
  2923 | D:4      | Bought a scroll of fear for 45 gold pieces
  2923 | D:4      | Bought a scroll of teleportation for 39 gold pieces
  2961 | D:4      | Found Locvad's Food Boutique.
  3057 | D:4      | Found Jashrika's Magic Scroll Boutique.
  3140 | D:3      | Gained mutation: You have sharp fingernails. [demonic ancestry]
  3140 | D:3      | Reached XP level 7. HP: 17/50 MP: 4/7
  3487 | D:4      | Reached skill level 6 in Unarmed Combat
  3545 | D:4      | Found a staircase to the Ecumenical Temple.
  3556 | Temple   | Entered the Ecumenical Temple
  3572 | Temple   | Became a worshipper of Gozag Ym Sagoz the Greedy
  3599 | D:4      | Found Rumed's Magic Scroll Shoppe.
  3605 | D:4      | Bought a scroll of magic mapping for 49 gold pieces
  3633 | D:4      | Noticed Menkaure
  3959 | D:3      | Noticed Crazy Yiuf
  3972 | D:3      | Killed Crazy Yiuf
  4388 | D:5      | Entered Level 5 of the Dungeon
  4770 | D:5      | Noticed slayr's ghost (novice OpTm)
  4904 | D:6      | Reached skill level 7 in Unarmed Combat
  5041 | D:6      | Found an iron altar of Okawaru.
  5074 | D:6      | Got a crude mace
  5075 | D:6      | Identified the +5 mace "Buraeqem" {freeze, rC+ rN+} (You found it on level 6 of the Dungeon)
  5423 | D:7      | Noticed Prince Ribbit
  5456 | D:7      | Killed Prince Ribbit
  5456 | D:7      | Reached skill level 8 in Unarmed Combat
  5456 | D:7      | Gained mutation: You regenerate magic rapidly. [demonic ancestry]
  5456 | D:7      | Reached XP level 8. HP: 52/56 MP: 8/8
  5892 | D:7      | Reached skill level 1 in Shields
  5958 | D:6      | Reached skill level 9 in Unarmed Combat
  6360 | D:6      | Slain by an orc warrior

Vault maps used:
D:1:      nagdon_arrival_double_spiral
D:2:      grunt_ministairs_4, uniq_terence
D:3:      first_bread, led_xom_imps, uniq_crazy_yiuf_cottage
D:4:      serial_shops, kennysheep_little_box, shop_fountains, shop, shop,
          uniq_menkaure
D:6:      okawaru_metal_pillars_1_2
D:7:      nrook_mini_vaults, uniq_prince_ribbit1
Temple:   nicolae_temple_the_god_donut

Skill      XL: |  1  2  3  4  5  6  7  8 |
---------------+-------------------------+-----
Short Blades   | 2 |  2.4
Unarmed Combat | 1 2 3 4 5 8 9 |  9.0
Armour         | 1 2 |  2.7
Shields        | 1 |  1.4
Fighting       | |  2.6
Throwing       | |  1.7
Dodging        | |  0.8
Stealth        | |  3.7

Action                   |  1- 3 |  4- 6 |  7- 9 || total
-------------------------+-------+-------+-------++-------
Melee: Dagger            |    94 |   252 |   150 ||   496
       Kick              |    11 |    75 |    60 ||   146
       Punch             |       |     3 |     7 ||    10
       Mace              |       |       |    92 ||    92
 Fire: Blowgun           |     7 |     5 |     8 ||    20
Throw: Javelin           |       |       |    15 ||    15
Invok: Potion Petition   |       |       |     1 ||     1
  Use: Potion            |       |       |     1 ||     1
 Stab: Sleeping          |     4 |       |       ||     4
  Eat: Chunk             |     1 |     6 |     2 ||     9
       Pizza             |       |       |     2 ||     2
       Royal jelly       |       |       |     2 ||     2
       Meat ration       |       |       |     1 ||     1
Armor: Robe              |    16 |       |       ||    16
       Scale mail        |     5 |    66 |   106 ||   177
Dodge: Dodged            |    37 |    58 |    95 ||   190
Block: Buckler           |       |       |     7 ||     7

Vault maps used:
D:1:      nagdon_arrival_double_spiral
D:2:      grunt_ministairs_4, uniq_terence
D:3:      first_bread, led_xom_imps, uniq_crazy_yiuf_cottage
D:4:      serial_shops, kennysheep_little_box, shop_fountains, shop, shop,
          uniq_menkaure
D:6:      okawaru_metal_pillars_1_2
D:7:      nrook_mini_vaults, uniq_prince_ribbit1
Temple:   nicolae_temple_the_god_donut
